 Dungeon Crawl Stone Soup version 0.26-a0-402-g649b3d1 (webtiles) character file.

Game seed: 16686983816188072314

15687 Illumine the Destroyer (level 12, 0/72 HPs)
             Began as a Tengu Conjurer on July 22, 2020.
             Was an Elder of Vehumet.
             Slain by a catoblepas (4 damage)
             ... while petrified by you
             ... on level 2 of the Lair of Beasts on July 23, 2020.
             The game lasted 00:48:09 (17390 turns).

Illumine the Destroyer (Tengu Conjurer)            Turns: 17390, Time: 00:48:09

Health: 0/72       AC:  7    Str:  9    XL:     12   Next: 29%
Magic:  13/26      EV:  2    Int: 28    God:    Vehumet [****..]
Gold:   366        SH:  0    Dex: 19    Spells: 6/29 levels left

rFire    . . .     SeeInvis .   b - +0 longbow
rCold    . . .     Faith    .   (shield currently unavailable)
rNeg     + + +     Spirit   .   S - +0 troll leather armour
rPois    ∞         Reflect  +   (helmet restricted)
rElec    .         Harm     .   y - +0 cloak
rCorr    .                      m - +0 pair of gloves
MR       .....                  (boots unavailable)
Stlth    ++........             h - amulet of reflection
HPRegen  0.62/turn              L - +6 ring of intelligence
MPRegen  0.20/turn              U - +6 ring of dexterity

@: petrified, flying quickly and evasively, quick
A: beak, talons 3, able to fly
a: Stop Flying, Renounce Religion


You were on level 2 of the Lair of Beasts.
You worshipped Vehumet.
Vehumet was greatly pleased with you.
You visited 2 branches of the dungeon, and saw 11 of its levels.
You also visited: Ossuary.

You collected 462 gold pieces.
You spent 96 gold pieces at shops.

Inventory:

Hand Weapons
 a - a +2 war axe of electrocution
 b - a +0 longbow (weapon)
 N - the +7 dagger of Severance {venom, rElec rN++ MP-9 SInv Stlth+}
   (You found it on level 7 of the Dungeon)

   It poisons the flesh of those it strikes.
   It insulates you from electricity.
   It greatly protects you from negative energy.
   It affects your magic capacity (-9).
   It lets you see invisible.
   It makes you more stealthy.
Missiles
 f - 154 arrows (quivered)
 D - 58 poisoned darts
Armour
 m - a +0 pair of gloves (worn)
 y - a +0 cloak (worn)
 S - a +0 troll leather armour (worn)
Magical Staves
 K - an uncursed staff of wizardry
Jewellery
 h - an amulet of reflection (around neck)
 k - an uncursed ring of see invisible
 F - an uncursed ring of protection from magic
 L - a +6 ring of intelligence (left hand)
 U - a +6 ring of dexterity (right hand)
Wands
 p - a wand of flame (26)
 C - a wand of polymorph (16)
 M - a wand of acid (2)
 Q - a wand of clouds (5)
Scrolls
 c - a scroll of summoning {unknown}
 d - 7 scrolls of magic mapping
 g - 4 scrolls of teleportation
 i - 2 scrolls of amnesia {unknown}
 j - a scroll of noise {unknown}
 o - 6 scrolls of remove curse
 r - 4 scrolls of fear
 t - 2 scrolls of blinking
 x - a scroll of acquirement {unknown}
 P - a scroll of fog {unknown}
 X - a scroll of enchant weapon {unknown}
Potions
 l - 3 potions of flight
 n - a potion of brilliance {unknown}
 q - 2 potions of stabbing
 s - 2 potions of haste
 u - a potion of might {unknown}
 v - 2 potions of heal wounds
 w - 3 potions of curing
 z - 2 potions of lignification
 A - a potion of ambrosia
 H - 2 potions of mutation {unknown}
 I - 2 potions of invisibility
 R - a potion of resistance
 T - a potion of berserk rage {unknown}
 Y - a potion of cancellation {unknown}


   Skills:
 + Level 7.0 Fighting
 - Level 4.0 Axes
 + Level 7.9 Bows
 + Level 5.4 Armour
 + Level 8.7 Dodging
 - Level 2.0 Stealth
 * Level 9.4 Spellcasting
 + Level 11.3 Conjurations
 + Level 5.6 Fire Magic


You had 6 spell levels left.
You knew the following spells:

 Your Spells              Type           Power        Failure   Level
a - Magic Dart            Conj           ####         1%          1
b - Searing Ray           Conj           ######       1%          2
c - Dazzling Flash        Conj/Hex       #####.       1%          3
d - Inner Flame           Hex/Fire       ####....     1%          3
e - Iskenderun's Mystic   Conj/Tloc      #####...     1%          4
f - Stone Arrow           Conj/Erth      #####.       1%          3
g - Conjure Flame         Conj/Fire      ######..     1%          3
h - Fulminant Prism       Conj/Hex       #####.....   1%          4

Your spell library contained the following spells:

 Spells                   Type           Power        Failure   Level
 Freeze                   Ice            ##..         1%          1
 Hailstorm                Conj/Ice       #####...     1%          4
 Ignite Poison            Fire/Tmut/Pois ###.....     2%          3
 Frozen Ramparts          Ice            ##....       4%          3
 Irradiate                Conj/Tmut      #####.....   4%          5
 Animate Skeleton         Necr           ##....       5%          1
 Beastly Appendage        Tmut           ##....       5%          1
 Corona                   Hex            ##.....      5%          1
 Pain                     Necr           ##..         5%          1
 Ensorcelled Hibernation  Hex/Ice        ##....       9%          2
 Sublimation of Blood     Necr           ##........   9%          2
 Wereblood                Tmut           ##......     9%          2
 Confusing Touch          Hex            ##......     17%         3
 Ozocubu's Armour         Ice            ##......     17%         3
 Spider Form              Tmut/Pois      ##........   17%         3
 Tukima's Dance           Hex            ##......     17%         3
 Vampiric Draining        Necr           ##........   17%         3
 Animate Dead             Necr           ##........   50%         4
 Ice Form                 Ice/Tmut       ##......     50%         4
 Petrify                  Tmut/Erth      ##......     50%         4
 Summon Ice Beast         Ice/Summ       ##......     50%         4
 Agony                    Necr           ##......     83%         5
 Alistair's Intoxication  Tmut/Pois      ##.......    83%         5
 Blade Hands              Tmut           ##........   83%         5
 Eringya's Noxious Bog    Tmut/Pois      ##........   100%        6


Dungeon Overview and Level Annotations

Branches:
Dungeon (9/15)             Temple (0/1) D:4            Lair (2/6) D:8
Ossuary (visited)
  Swamp: Lair:2-4    Shoals: Lair:2-4     Snake: Lair:2-4    Spider: Lair:2-4
    Orc: D:9-12

Altars:
Ashenzari
Dithmenos
Elyvilon
Kikubaaqudgha
Makhleb
Nemelex Xobeh
Okawaru
Qazlal
Ru
Sif Muna
Trog
Vehumet
Zin
The Shining One

Shops:
D:7 !

Annotations:
D:4 1 runed translucent door, Caerwyn's ghost, amateur GnFi


Innate Abilities, Weirdness & Mutations

You have a beak for a mouth.
You have claws for feet.
You can fly continuously.


Message History

You are engulfed in calcifying dust.
You are slowing down.
The catoblepas gores you!
The catoblepas breathes a plume of calcifying dust at you.
The blast of calcifying dust hits you but does no damage.
Your limbs are stiffening.
Unknown command.
You have turned to stone.
The catoblepas gores you! The catoblepas barely misses you.
The catoblepas gores you!! The catoblepas gores you!!
* * * LOW HITPOINT WARNING * * *
The catoblepas gores you!!
* * * LOW HITPOINT WARNING * * *
The catoblepas breathes a plume of calcifying dust at you.
The blast of calcifying dust hits you!
* * * LOW HITPOINT WARNING * * *
You are engulfed in calcifying dust.
The catoblepas gores you!
You die...

...(.....# ### #####...#
.........## ######...#
..........########..##..P##
........P###........P..###
.........###............#
..........P.............#
>.........P............[#
....(.#.#<.........>....# #
#.#...###..§§@Y.[.......###
# ##..#.
##..............#.## #
..P##
#.................P### .#
##..................#.
##........#P###.##...
##.....(.### ####P.#
#....#.(P# #### #........P#
#..........


You could see a catoblepas.

Vanquished Creatures
  A hydra (Lair:1)
  2 two-headed ogres (D:9)
  Pikel (D:6)
  3 oklob plants (Lair:1)
  A black mamba (Lair:2)
  2 cane toads (Lair:1)
  Maggie (Lair:1)
  A komodo dragon (Lair:2)
  A troll (D:8)
  Prince Ribbit (Lair:1)
  3 hippogriffs
  Grinder (D:4)
  8 blink frogs
  2 wyverns (D:9)
  7 yaks
  2 basilisks (D:8)
  Menkaure (D:5)
  5 porcupines
  5 water moccasins (Lair:1)
  2 orc warriors (D:8)
  3 black bears
  A sky beast (D:9)
  3 eyes of draining (D:9)
  2 ice beasts (D:8)
  3 phantoms
  3 centaurs
  7 ogres
  A wolf (D:8)
  7 crocodiles
  2 lemures (D:6)
  2 big kobolds
  6 bullfrogs
  4 scorpions
  4 killer bees (D:8)
  4 howler monkeys
  3 bullfrog zombies (Ossuary)
  4 centaur zombies (Ossuary)
  10 orc wizards
  A centaur skeleton (D:4)
  2 hounds
  Crazy Yiuf (D:2)
  2 jellies
  5 orc priests
  3 iguanas
  6 worker ants
  2 hound zombies (Ossuary)
  8 mummies
  2 howler monkey zombies (Ossuary)
  4 gnolls (D:5)
  4 worker ant zombies
  2 howler monkey skeletons
  6 adders
  A shadow imp (D:6)
  2 white imps (D:9)
  An ufetubus (D:8)
  An ooze (D:3)
  An adder skeleton (D:7)
  3 adder zombies
  2 worms
  4 dart slugs
  3 leopard geckos
  35 orcs
  8 bats
  4 giant cockroaches
  17 goblins
  8 hobgoblins
  10 jackals
  11 kobolds
  6 quokkas
  2 ball pythons
  2 frilled lizards
  2 giant cockroach zombies (Ossuary)
  A leopard gecko skeleton (D:6)
  2 orc zombies (D:4)
  2 quokka skeletons
  6 rats
  2 plants (Lair:1)
303 creatures vanquished.

Vanquished Creatures (others)
  24 fulminant prisms (Lair:1)
  6 fungi
  4 plants
  9 withered plants
43 creatures vanquished.

Grand Total: 346 creatures vanquished

Notes
Turn   | Place    | Note
-------+----------+-------------------------------------------
     0 | D:1      | Illumine the Tengu Conjurer began the quest for the Orb.
     0 | D:1      | Reached XP level 1. HP: 10/10 MP: 4/4
   163 | D:1      | Reached XP level 2. HP: 15/15 MP: 3/6
   167 | D:1      | Learned a level 2 spell: Searing Ray
   598 | D:1      | Reached XP level 3. HP: 19/19 MP: 4/7
  1410 | D:2      | Found a radiant altar of Vehumet.
  1426 | D:2      | Reached skill level 6 in Conjurations
  1469 | D:2      | Became a worshipper of Vehumet
  1778 | D:2      | Reached XP level 4. HP: 24/24 MP: 7/9
  1928 | D:2      | Found a runed translucent door.
  1929 | D:2      | Noticed Crazy Yiuf
  3349 | D:3      | Reached skill level 1 in Bows
  3349 | D:3      | Gained mutation: You can fly continuously. [Tengu growth]
  3349 | D:3      | Reached XP level 5. HP: 22/28 MP: 1/10
  3724 | D:3      | Learned a level 3 spell: Dazzling Flash
  3741 | D:3      | Found a shimmering blue altar of Sif Muna.
  3944 | D:3      | Found an iron altar of Okawaru.
  4025 | D:4      | Reached * piety under Vehumet
  4025 | D:4      | Offered knowledge of Foxfire by Vehumet.
  4175 | D:4      | Found a burning altar of Makhleb.
  4219 | D:4      | Reached XP level 6. HP: 15/33 MP: 1/12
  4474 | D:4      | Reached skill level 1 in Fighting
  4558 | D:4      | Found a sand-covered staircase.
  4598 | Ossuary  | Entered an ossuary
  4700 | Ossuary  | Reached skill level 7 in Conjurations
  4789 | Ossuary  | Reached XP level 7. HP: 34/39 MP: 6/13
  5704 | D:4      | Found a staircase to the Ecumenical Temple.
  5724 | D:4      | Found a shadowy altar of Dithmenos.
  5790 | D:4      | Offered knowledge of Freeze by Vehumet.
  5790 | D:4      | Reached skill level 5 in Dodging
  5822 | D:4      | Reached XP level 8. HP: 39/45 MP: 12/15
  5890 | D:4      | Found a runed translucent door.
  5890 | D:4      | Noticed Caerwyn's ghost (amateur GnFi)
  5931 | D:4      | Reached ** piety under Vehumet
  6169 | D:4      | Found a glowing golden altar of the Shining One.
  6240 | D:4      | Noticed Grinder
  6382 | D:2      | Killed Crazy Yiuf
  6597 | D:5      | Entered Level 5 of the Dungeon
  6658 | D:5      | Noticed Menkaure
  6665 | D:5      | Killed Menkaure
  6665 | D:5      | Reached skill level 8 in Conjurations
  6736 | D:5      | Found an ancient bone altar of Kikubaaqudgha.
  7522 | D:6      | Reached skill level 5 in Spellcasting
  7920 | D:6      | Noticed Pikel
  8124 | D:7      | Reached XP level 9. HP: 51/52 MP: 15/18
  8407 | D:7      | Reached skill level 1 in Axes
  8407 | D:7      | Reached skill level 5 in Bows
  8659 | D:7      | Reached skill level 9 in Conjurations
  8734 | D:7      | Got a warped dagger
  8956 | D:7      | Found a shimmering blue altar of Sif Muna.
  9083 | D:7      | Offered knowledge of Inner Flame by Vehumet.
  9107 | D:7      | Learned a level 3 spell: Inner Flame
  9112 | D:7      | Learned a level 4 spell: Iskenderun's Mystic Blast
  9117 | D:7      | Found a stormy altar of Qazlal.
  9241 | D:7      | Identified the +7 dagger of Severance {venom, rElec rN++
                  | MP-9 SInv Stlth+} (You found it on level 7 of the Dungeon)
  9309 | D:7      | Found Peacaxkis's Distillery.
  9317 | D:7      | Bought a potion of invisibility for 96 gold pieces
  9411 | D:7      | Found a shattered altar of Ashenzari.
 10151 | D:4      | Paralysed by Grinder for 7 turns
 10169 | D:4      | Paralysed by Grinder for 3 turns
 10172 | D:4      | Killed Grinder
 10417 | D:6      | Reached skill level 1 in Armour
 10417 | D:6      | Reached skill level 1 in Fire Magic
 10433 | D:6      | Killed Pikel
 10433 | D:6      | Reached skill level 5 in Fighting
 10433 | D:6      | Reached XP level 10. HP: 59/59 MP: 8/21
 11132 | D:8      | Found a sacrificial altar of Ru.
 11434 | D:8      | Reached *** piety under Vehumet
 11828 | D:8      | Found a staircase to the Lair.
 11887 | D:8      | Offered knowledge of Stone Arrow by Vehumet.
 12390 | D:8      | Found a glowing silver altar of Zin.
 12701 | D:8      | Reached skill level 10 in Conjurations
 13013 | Lair:1   | Entered Level 1 of the Lair of Beasts
 13164 | D:9      | Noticed a two-headed ogre
 13294 | D:9      | Found a sparkling altar of Nemelex Xobeh.
 13455 | D:9      | Learned a level 3 spell: Stone Arrow
 13471 | D:9      | Noticed a two-headed ogre
 13477 | D:9      | Killed a two-headed ogre
 13477 | D:9      | Reached **** piety under Vehumet
 13477 | D:9      | Reached XP level 11. HP: 62/64 MP: 19/23
 13514 | D:9      | Found a white marble altar of Elyvilon.
 13722 | D:9      | Killed a two-headed ogre
 13722 | D:9      | Offered knowledge of Conjure Flame by Vehumet.
 13804 | D:9      | Learned a level 3 spell: Conjure Flame
 14198 | D:9      | Found a bloodstained altar of Trog.
 14561 | D:9      | Found a sacrificial altar of Ru.
 15371 | Lair:1   | Noticed Maggie
 15380 | Lair:1   | Killed Maggie
 15496 | Lair:1   | Noticed a four-headed hydra
 15505 | Lair:1   | Killed a four-headed hydra
 15553 | Lair:1   | Noticed an oklob plant
 15553 | Lair:1   | Noticed an oklob plant
 15553 | Lair:1   | Noticed an oklob plant
 15561 | Lair:1   | Learned a level 4 spell: Fulminant Prism
 15594 | Lair:1   | Reached skill level 11 in Conjurations
 15594 | Lair:1   | Reached skill level 5 in Fire Magic
 15804 | Lair:1   | Killed an oklob plant
 15804 | Lair:1   | Reached skill level 5 in Armour
 15888 | Lair:1   | Killed an oklob plant
 15888 | Lair:1   | Reached XP level 12. HP: 71/71 MP: 4/26
 16029 | Lair:1   | Got a jewelled leather armour
 16140 | Lair:1   | Identified the +1 leather armour of Inviolability {rF- rC+
                  | Str+2} (You found it on level 1 of the Lair of Beasts)
 16307 | Lair:1   | Noticed Prince Ribbit
 16310 | Lair:1   | Killed Prince Ribbit
 16411 | Lair:1   | Upgraded the game from 0.26-a0-394-g0b5ff55 to
                  | 0.26-a0-402-g649b3d1
 17359 | Lair:2   | Noticed a catoblepas
 17389 | Lair:2   | HP: 3/72 [catoblepas/blast of calcifying dust (4)]
 17390 | Lair:2   | Slain by a catoblepas

Illustrated notes

Levels and vault maps discovered:
D:1:      ncdulo_smallfort, layout_basic
D:2:      layout_basic, vehumet_crystals, uniq_crazy_yiuf_cottage
D:3:      layout_basic, nicolae_overflow_hidden_temple, lemuel_doored_altar,
          serial_glass, glass_columns_a, glass_columns_a, glass_columns_a,
          glass_columns_a, glass_columns_a, glass_columns_a
D:4:      layout_loops_corners, nicolae_overflow_crystal_walls,
          tso_oasis_becter, minmay_temple_entry_wispy, gammafunk_ghost_grave,
          nicolae_ossuary_entry_giza, bloody_makhleb, uniq_grinder
D:5:      layout_gridville, kennysheep_little_box, uniq_menkaure
D:6:      layout_loops_ring, uniq_pikel
D:7:      minmay_the_grid_triangle_9x9_rhombus_thin
          [minmay_the_grid_triangle_9x9_intruding_spiral,
          minmay_the_grid_triangle_9x9_prize_insulated,
          minmay_the_grid_triangle_9x9_descending_squares,
          minmay_the_grid_triangle_9x9_impossible_snake], layout_loops_corners,
          lemuel_coloured_pillars_altar, marbit_many_paths, serial_shops,
          nicolae_shop_waterfront, basic_altar
D:8:      layout_basic, old_standard_altar, minmay_lair_entry_grove,
          nicolae_ru_great_annihilating_truth
D:9:      layout_loops_ring, nemelex_xobeh_ov_fountains_minmay,
          old_standard_altar, lemuel_round_altar, trog_eyes_of_draining
Lair:1:   layout_chaotic_city, lemuel_fruit_tree, minmay_lair_oklob_chamber,
          grunt_megastairs_4, uniq_maggie, uniq_prince_ribbit2
Lair:2:   layout_cave_pods

Skill      XL: |  1  2  3  4  5  6  7  8  9 10 11 12 |
---------------+-------------------------------------+-----
Dodging        | 3 4 5 6 7 8 |  8.7
Conjurations   | 6 7 8 9 10 11 | 11.3
Spellcasting   | 3 4 5 6 7 9 |  9.4
Bows           | 1 2 3 4 5 6 7 |  7.9
Fighting       | 1 2 4 5 6 7 |  7.0
Axes           | 2 4 |  4.0
Armour         | 1 3 5 |  5.4
Fire Magic     | 1 3 5 |  5.6
Stealth        | |  2.0

Action                   |  1- 3 |  4- 6 |  7- 9 | 10-12 || total
-------------------------+-------+-------+-------+-------++-------
Melee: Short sword       |     1 |     7 |    19 |       ||    27
       Kick              |       |     2 |     4 |       ||     6
       Peck              |       |     1 |     2 |       ||     3
       War axe           |       |       |     9 |     4 ||    13
       Dagger            |       |       |     3 |       ||     3
 Fire: Longbow           |       |    10 |    63 |   212 ||   285
 Cast: Magic Dart        |    68 |    76 |    34 |    32 ||   210
       Searing Ray       |     4 |    16 |    57 |    84 ||   161
       Dazzling Flash    |       |       |     1 |     2 ||     3
       Iskenderun's Myst |       |       |       |     6 ||     6
       Fulminant Prism   |       |       |       |    24 ||    24
       Conjure Flame     |       |       |       |    10 ||    10
       Stone Arrow       |       |       |       |     9 ||     9
 Abil: Fly               |       |     1 |       |       ||     1
Evoke: Wand              |       |       |     7 |     8 ||    15
  Use: Scroll            |       |    10 |     6 |     3 ||    19
       Potion            |       |       |     1 |       ||     1
 Stab: Sleeping          |       |       |     1 |       ||     1
Armor: Robe              |     4 |     1 |     5 |     2 ||    12
       Troll leather arm |       |       |       |     8 ||     8
Dodge: Dodged            |     8 |    14 |    65 |   106 ||   193
Block: Other             |       |     8 |    21 |    22 ||    51
       Reflection        |       |     2 |       |     5 ||     7

Table legend: (Time is in decaauts)
 A = Elapsed time spent in this place.
 B = Non-inter-level travel time spent in this place.
 C = Inter-level travel time spent in this place.
 D = Time resting spent in this place.
 E = Time spent auto-exploring this place.
 F = Levels seen in this place.
 G = Mean time per level.
                   A        B        C        D        E       F      G
               +--------+--------+--------+--------+--------+-----+--------+
         Total |  16813 |  15888 |    925 |   5156 |   7856 |  12 | 1401.1 |
       Dungeon |  13544 |  12633 |    911 |   3575 |   6984 |   9 | 1504.9 |
          Lair |   2222 |   2208 |     14 |    880 |    773 |   2 | 1111.0 |
       Ossuary |   1046 |   1046 |      0 |    700 |     98 |   1 | 1046.0 |
               +--------+--------+--------+--------+--------+-----+--------+

Top non-repeatable levels by time:
     D:8: 2265 daAuts
     D:7: 2049 daAuts
     D:4: 1609 daAuts
  Lair:1: 1577 daAuts
     D:2: 1526 daAuts
     D:9: 1494 daAuts
     D:1: 1367 daAuts
     D:3: 1343 daAuts
     D:6: 1073 daAuts
 Ossuary: 1046 daAuts
     D:5: 814 daAuts
  Lair:2: 645 daAuts
